 Dungeon Crawl Stone Soup version 0.32-a0-913-g739538afd8 (webtiles) character file.

Game seed: 6605795280266255772

193 SolCadguy the Chopper (level 5, 0/38 HPs)
             Began as a Coglin Gladiator on Apr 7, 2024.
             Was an Initiate of Okawaru.
             Slain by an orc wizard
             ... wielding a +0 dagger
              (4 damage)
             ... on level 3 of the Dungeon.
             The game lasted 00:05:52 (1986 turns).

SolCadguy the Chopper (Coglin Gladiator)            Turns: 1986, Time: 00:05:52

Health: 0/38       AC:  8    Str: 15 (16) XL:     5   Next: 72%
Magic:  5/5        EV: 10    Int:  7      God:    Okawaru [......]
Gold:   129        SH:  0    Dex: 16      Spells: 4/4 levels left

rFire   . . .        a - +0 war axe {Hilda}
rCold   . . .        m - +2 short sword (holy) {Sextus}
rNeg    . . .        q - +0 ring mail
rPois   .            k - +2 helmet
rElec   .            (no cloak)
rCorr   .            (no gloves)
SInv    .            (no boots)
Will    .....        (amulet unavailable) Stlth
                     (ring unavailable)
HPRegen 0.26/turn    (ring unavailable)
MPRegen 0.09/turn    (no gizmo)

%: no passive effects
@: confused, revving
A: off-hand wielding, slow wielding, warmup strikes, no jewellery
a: Invent Gizmo, Renounce Religion


You were on level 3 of the Dungeon.
You worshipped Okawaru.
Okawaru was noncommittal.
You visited 2 branches of the dungeon, and saw 5 of its levels.

You collected 129 gold pieces.

Inventory:

Hand Weapons
 a - a +0 war axe (weapon) {Hilda}
 f - a +0 dagger {Natsumi}
 h - a +0 sling
 l - a +0 sling
 m - a +2 short sword of holy wrath (offhand) {Sextus}
Missiles
 d - 3 throwing nets
 e - 9 javelins
 s - 9 poisoned darts (quivered)
Armour
 b - a +0 leather armour
 c - a +0 helmet
 k - a +2 helmet (worn)
 q - a +0 ring mail (worn)
 r - a +2 buckler
Wands
 p - a wand of flame (9)
Scrolls
 g - 2 scrolls of enchant weapon
 i - a scroll of fear {unknown}
 j - a scroll of teleportation
 o - a scroll of summoning
 t - a scroll of noise
 u - a scroll of amnesia


   Skills:
 - Level 2.0 Fighting
 + Level 6.2 Axes
 - Level 1.7 Throwing
 - Level 2.6 Dodging


You had 4 spell levels left.
You didn't know any spells.
Your spell library contained the following spells:

 Spells                   Type           Power      Damage    Failure   Level
 Freeze                   Ice            0%         1d3       67%         1
 Frozen Ramparts          Ice            0%         1d1       95%         3
 Hailstorm                Conj/Ice       0%         3d5       95%         3


Dungeon Overview and Level Annotations

Branches:
Dungeon (4/15)             Temple (1/1) D:4

Altars:
Ashenzari
Dithmenos
Elyvilon
Hepliaklqana
Kikubaaqudgha
Makhleb
Nemelex Xobeh
Okawaru
Qazlal
Ru
Sif Muna
Trog
Uskayaw
Vehumet
Wu Jian
Yredelemnul
Zin
The Shining One

Annotations:
D:3 Sigmund


Innate Abilities, Weirdness & Mutations

You can wield a second weapon in your off-hand.
It takes a long time for you to wield or remove held weapons.
Your first few attacks do less damage.
You cannot equip rings or amulets.


Message History

You are more confused.
You bump into the rock wall.
Something hits you but does no damage.
You hit something but do no damage.
You completely miss something with your +2 short sword of holy wrath.
Something hits you but does no damage.
You bump into the iron grate.
Something hits you but does no damage.
You hear some strange, mumbled words.
You are more confused.
Something hits you.
Items here: )) [ †.
You closely miss something with your +0 war axe.
You miss something with your +2 short sword of holy wrath.
Something hits you but does no damage.
You hear some strange, mumbled words.
A puff of flame appears from out of thin air!
The puff of flame hits you.
* * * LOW HITPOINT WARNING * * *
Something hits you but does no damage.
Items here: )) [ †.
You're too confused to attack without stumbling around!
You completely miss something with your +0 war axe.
You hit something with your +2 short sword of holy wrath.
Something hits you but does no damage.
You're too confused to move!
Something hits you.
* * * LOW HITPOINT WARNING * * *
You bump into the rock wall.
Something hits you but does no damage.
You miss something with your +2 short sword of holy wrath.
You barely miss something with your +0 war axe.
You hear some strange, mumbled words.
A puff of flame appears from out of thin air!
The puff of flame hits you.
* * * LOW HITPOINT WARNING * * *
You closely miss something with your +0 war axe.
You barely miss something with your +2 short sword of holy wrath.
Something hits you but does no damage.
You start resting.
You hear some strange, mumbled words.
Something tries to affect you, but you resist.
You start resting.
Something hits you.
You die...

#.....#########
#.............#
..............######
###................#
..#...############.##
# #...# ###..## #
#.$.# #)....# # #...#
###)###.# # #...#
#..@###.# # #.#.###.#
# ..!...#...).
.....?..#..##.
........[_..# #
#######..#..# #..#..#
..## .


There were no monsters in sight!

Vanquished Creatures
  An iguana (D:4)
  An orc wizard (D:3)
  Robin (D:3)
  6 adders
  A dart slug (D:2)
  2 ribbon worms (D:2)
  4 orcs (D:3)
  4 ball pythons
  6 bats
  4 endoplasms
  4 giant cockroaches (D:1)
  12 goblins
  4 hobgoblins
  5 jackals
  2 kobolds
  A quokka (D:1)
  A frilled lizard (D:2)
  7 rats
66 creatures vanquished.

Notes
Turn   | Place    | Note
-------+----------+-------------------------------------------
     0 | D:1      | SolCadguy the Coglin Gladiator began the quest for the Orb.
     0 | D:1      | Reached XP level 1. HP: 16/16 MP: 1/1
    85 | D:1      | Reached XP level 2. HP: 22/22 MP: 2/2
   269 | D:1      | Reached skill level 4 in Axes
   554 | D:2      | Reached XP level 3. HP: 27/27 MP: 3/3
   557 | D:2      | Found an ornate altar of the Wu Jian Council.
  1010 | D:2      | Reached XP level 4. HP: 32/33 MP: 4/4
  1309 | D:2      | Reached skill level 5 in Axes
  1552 | D:3      | Found an ancient bone altar of Kikubaaqudgha.
  1658 | D:3      | Noticed Robin
  1677 | D:3      | Killed Robin
  1678 | D:3      | Reached XP level 5. HP: 38/38 MP: 5/5
  1727 | D:3      | Noticed Sigmund
  1740 | D:4      | Found a staircase to the Ecumenical Temple.
  1753 | Temple   | Entered the Ecumenical Temple
  1761 | Temple   | Became a worshipper of Warmaster Okawaru
  1953 | D:3      | Found a broken altar of Ashenzari.
  1959 | D:3      | Reached skill level 6 in Axes
  1986 | D:3      | Slain by an orc wizard

Illustrated notes

Levels and vault maps discovered:
D:1:      dpeg_arrival_radiant, layout_rooms
D:2:      layout_basic, basic_altar, minmay_misc_feat_rows
D:3:      layout_basic, overflow_temple_1_default, cheibrodos_ashenzari_chains,
          uniq_sigmund, uniq_robin
D:4:      layout_rooms, led_xom_imps, minmay_temple_entry_slanted
Temple:   compressed_dpeg_triangle_lava_temple

Skill      XL: |  1  2  3  4  5 |
---------------+----------------+-----
Axes           | 4 5 6 |  6.2
Fighting       | |  2.0
Throwing       | |  1.7
Dodging        | |  2.6

Action                     |  1- 3 |  4- 6 || total
---------------------------+-------+-------++-------
  Melee: War axe           |    62 |    60 ||   122
         Dagger            |    34 |       ||    34
         Short sword       |    19 |    61 ||    80
  Throw: Dart              |       |     3 ||     3
    Use: Potion            |       |     3 ||     3
         Scroll            |       |     5 ||     5
 Armour: Leather armour    |    27 |       ||    27
         Ring mail         |     8 |    79 ||    87
  Dodge: Dodged            |    39 |    37 ||    76

Table legend: (Time is in decaauts)
 A = Elapsed time spent in this place.
 B = Non-inter-level travel time spent in this place.
 C = Inter-level travel time spent in this place.
 D = Time resting spent in this place.
 E = Time spent auto-exploring this place.
 F = Levels seen in this place.
 G = Mean time per level.
                   A        B        C        D        E       F      G
               +--------+--------+--------+--------+--------+-----+--------+
         Total |   1982 |   1873 |    109 |    100 |   1254 |   5 |  396.4 |
       Dungeon |   1965 |   1863 |    102 |    100 |   1254 |   4 |  491.2 |
        Temple |     16 |      9 |      7 |      0 |      0 |   1 |   16.0 |
               +--------+--------+--------+--------+--------+-----+--------+

Top non-repeatable levels by time:
     D:2: 1010 daAuts
     D:1: 498 daAuts
     D:3: 370 daAuts
     D:4: 86 daAuts
  Temple: 16 daAuts
